 Dungeon Crawl Stone Soup version 0.30.0-5-g1a98f26d00 (webtiles) character file.

Game seed: 9462356080710707101

5 Esekla the Grave Robber (level 1, 0/12 HPs)
             Began as an Octopode Necromancer on May 10, 2023.
             Slain by a ball python (1 damage)
             ... on level 1 of the Dungeon.
             The game lasted 00:00:53 (173 turns).

Esekla the Grave Robber (Octopode Necromancer)       Turns: 173, Time: 00:00:54

Health: 0/12       AC:  1    Str:  7    XL:     1   Next: 80%
Magic:  3/3        EV: 10    Int: 17    God:
Gold:   29         SH:  0    Dex: 12    Spells: 3/4 levels left

rFire   . . .        c - +0 dagger
rCold   . . .        (no shield)
rNeg    . . .        (helmet restricted)
rPois   .            (no amulet)
rElec   .            (no ring)
rCorr   .            (no ring)
SInv    .            (no ring)
Will    .....        (no ring)
Stlth   +++          (no ring)
HPRegen 0.22/turn    (no ring)
MPRegen 0.08/turn    (no ring)
                     (no ring)

%: no passive effects
@: constricted
A: almost no armour, amphibious, 8 rings, camouflage 1, gelatinous body 1,
(nimble swimmer 1), tentacles
a: no special abilities


You were on level 1 of the Dungeon.
You visited 1 branch of the dungeon, and saw 1 of its levels.

You collected 29 gold pieces.

Inventory:

Hand Weapons
 c - a +0 dagger (weapon)
Scrolls
 b - a scroll of identify {unknown}
 d - a scroll of fear {unknown}
Potions
 a - a potion of magic


   Skills:
 * Level 0.4 Fighting
 * Level 2.1 Dodging
 + Level 2.7 Stealth
 * Level 2.0 Spellcasting
 + Level 4.1 Necromancy


You had 3 spell levels left.
You knew the following spells:

 Your Spells              Type           Power      Damage    Failure   Level
a - Necrotise             Necr           60%        1d7       3%          1

Your spell library contained the following spells:

 Spells                   Type           Power      Damage    Failure   Level
 Vampiric Draining        Necr           15%        2d7       11%         3
 Animate Dead             Necr           15%        N/A       34%         4
 Agony                    Necr           15%        N/A       69%         5


Dungeon Overview and Level Annotations

Branches:
Dungeon (1/15)

Altars:


Innate Abilities, Weirdness & Mutations

You cannot wear most types of armour.
You are amphibious.
You can wear up to eight rings at the same time.
Your skin changes colour to match your surroundings (Stealth+).
Your rubbery body absorbs attacks. (AC +1, EV +1)
((You are camouflaged when in or above water. (Stealth+)))
You have tentacles for arms and can constrict up to eight enemies at once.


Message History

You now have 29 gold pieces (gained 10).
d - a scroll labelled QISSOSHREEGUN A goblin comes into view.
It is wielding a +0 dagger.
A ball python and a quokka come into view.
Found 9 gold pieces.
Found a stone staircase leading down.
The goblin shouts!
The ball python hisses angrily.
The goblin hits you but does no damage. The goblin attacks as you move away!
The goblin barely misses you. The quokka attacks as you move away!
The quokka bites you. The quokka barely misses you.
The quokka attacks as you move away! The quokka barely misses you.
You hit the goblin but do no damage. You grab the goblin.
Your tentacle-slap misses the goblin.
You constrict the goblin. The goblin hits you with a +0 dagger.
You hit the goblin. Your squeeze misses the goblin.
The goblin is severely wounded.
You constrict the goblin, but do no damage.
The goblin barely misses you.
You hit the goblin.
You kill the goblin!
The quokka barely misses you.
You hit the quokka but do no damage. Your grab misses the quokka.
The quokka barely misses you.
You hit the quokka but do no damage. You grab the quokka.
You constrict the quokka. The quokka misses you.
You hit the quokka but do no damage. You squeeze the quokka.
You kill the quokka!
You barely miss the ball python. You grab the ball python.
You squeeze the ball python, but do no damage.
You constrict the ball python, but do no damage.
The ball python closely misses you. The ball python grabs you.
The ball python constricts you.
You hit the ball python.
The ball python is moderately wounded.
You constrict the ball python. The ball python bites you.
* * * LOW HITPOINT WARNING * * *
The ball python constricts you.
* * * LOW HITPOINT WARNING * * *
The ball python bites you.
You die...

#############
#@..........#
#S#########.#
##.##### #.#
#.?....# #.#
#.....S....#.#
#..###.###$#.#
#..#
...##.#.######
....
..............
#...#
...##.#.######


You could see a ball python.

Vanquished Creatures
  2 goblins (D:1)
  A hobgoblin (D:1)
  A quokka (D:1)
4 creatures vanquished.

Notes
Turn   | Place    | Note
-------+----------+-------------------------------------------
     0 | D:1      | Esekla the Octopode Necromancer began the quest for the
                  | Orb.
     0 | D:1      | Reached XP level 1. HP: 11/11 MP: 3/3
   173 | D:1      | Slain by a ball python

Illustrated notes

Levels and vault maps discovered:
D:1:      lightli_iron_boxes, layout_loops_ring

Action                     || total
---------------------------++-------
  Melee: Dagger            ||     8
         Unarmed           ||     7
         Constrict         ||     4
         Tentacles         ||     3
 Armour: Skin              ||     1
  Dodge: Dodged            ||    11
